 Dungeon Crawl Stone Soup version 0.17.2-1-ge4368a0 (webtiles) character file.

741 Charly the Insei (level 7, 0/35 HPs)
             Began as a Vine Stalker Transmuter on July 9, 2017.
             Killed from afar by a deep elf mage (22 damage)
             ... with a stone arrow
             ... on level 8 of the Dungeon.
             The game lasted 00:15:34 (1259 turns).

Charly the Insei (Vine Stalker Transmuter)          Turns: 1259, Time: 00:15:34

Health: 0/35       AC:  5    Str: 13    XL:     7   Next: 75%
Magic:  0/11       EV: 12    Int: 14    God:
Gold:   83         SH:  0    Dex: 15    Spells: 3 memorised, 4 levels left

rFire  . . .     SeeInvis .       - Unarmed
rCold  . . .     Clarity  .     b - +0 robe
rNeg   . . .     SustAt   .     (no shield)
rPois  +         Gourm    .     (no helmet)
rElec  .         Spirit   +     (no cloak)
rCorr  .         Warding  .     g - +1 pair of gloves
rMut   +         Stasis   .     v - +0 pair of boots
MR     .....                    m - amulet of resist mutation
Stlth  +.........               s - ring of wizardry
                                h - ring of poison resistance

@: not resistant to hostile enchantments, very unstealthy
A: fangs 2, regeneration 2, magic shield, antimagic bite, no device heal 3, rot
immunity
a: no special abilities


You were on level 8 of the Dungeon.
You were not hungry.

You visited 2 branches of the dungeon, and saw 11 of its levels.

You collected 83 gold pieces.

Inventory:

Missiles
 a - 9 arrows
 u - 5 poisoned tomahawks (quivered)
Armour
 b - a +0 robe (worn)
 g - a +1 pair of gloves (worn)
 v - a +0 pair of boots (worn)
Jewellery
 h - a ring of poison resistance (left hand)
 m - an amulet of resist mutation (around neck)
 n - an uncursed ring of stealth
 s - a ring of wizardry (right hand)
Wands
 x - a wand of fireball (4)
 B - a wand of polymorph (12)
Scrolls
 f - a scroll of remove curse
 i - a scroll of identify
 t - a scroll of teleportation {unknown}
 w - a scroll of acquirement {unknown}
 y - a scroll of amnesia {unknown}
 A - a scroll of fear {unknown}
Potions
 e - a potion of heal wounds {unknown}
 j - a potion of invisibility {unknown}
 k - 2 potions of poison
 l - 4 potions of curing
 o - 2 potions of cancellation {unknown}
 p - a potion of beneficial mutation {unknown}
 r - a potion of brilliance {unknown}
 z - a potion of haste {unknown}
Books
 c - a book of Changes

   Spells                             Type                      Level
   a - Beastly Appendage              Transmutation                1
   b - Sticks to Snakes               Transmutation                2
   c - Spider Form                    Transmutation/Poison         3
   d - Ice Form                       Ice/Transmutation            4
   e - Blade Hands                    Transmutation                5
Comestibles
 d - 3 bread rations


   Skills:
 + Level 2.5 Fighting
 - Level 1.5 Dodging
 + Level 7.4 Unarmed Combat
 - Level 2.1 Spellcasting
 - Level 4.0 Transmutations
 - Level 1.1 Poison Magic


You had 4 spell levels left.
You knew the following spells:

 Your Spells              Type           Power        Failure   Level  Hunger
a - Beastly Appendage     Trmt           ##....       1%          1    #......
s - Sticks to Snakes      Trmt           ##........   4%          2    ###....
S - Spider Form           Trmt/Pois      #.........   10%         3    ###....


Dungeon Overview and Level Annotations

Branches:
Dungeon (10/15)            Temple (1/1) D:4
   Lair: D:8-11         Orc: D:9-12

Altars:
Dithmenos
Elyvilon
Fedhas
Makhleb
Qazlal
Ru
Sif Muna
Trog
Vehumet
Xom
Yredelemnul
Zin
The Shining One

Shops:
D:7 =

Annotations:
D:8 Prince Ribbit


Innate Abilities, Weirdness & Mutations

You have extremely sharp teeth.
You heal very quickly.
When hurt, damage is shared between your health and your magic reserves.
Your bite disrupts and absorbs the magic of your enemies.
Potions and wands cannot restore your health.
You are immune to rotting.


Message History

Casting: Spider Form
Confirm with . or Enter, or press ? or * to list all spells.
Okay, then.
You closely miss the deep elf mage.
Prince Ribbit blinks!
The deep elf mage casts a spell at you. The bolt of magma misses you.
You closely miss the deep elf mage. Your bite misses the deep elf mage.
The deep elf mage barely misses you.
You punch the deep elf mage! Your punch misses the deep elf mage.
Your bite misses the deep elf mage.
The deep elf mage is moderately wounded.
You barely miss the deep elf mage.
The deep elf mage is moderately wounded.
The deep elf mage hits you but does no damage.
You barely miss the deep elf mage.
The deep elf mage is moderately wounded.
The deep elf mage points at you and mumbles some strange words.
The stone arrow hits you!
Ouch! That really hurt!
You die...

*.......#+#.....#,,**,,,
*.....#..,#)....#,,*,,,,
*.....+..,+.....+***,***
*,....#+###.....#*,,,,,*
****#.....F>....#*,*,***
#..........?+*,,_,,*
#...........#***,*,*
#.e.........#*,,,,,*
##.@..#######***,***
#....+,,,,,,,,*,,,*
#....#,,,,,,,,*,,,*
#....#*************
######


You could see Prince Ribbit and a deep elf mage.

Vanquished Creatures
  A hippogriff (D:9)
  A black bear (D:8)
  An ogre (D:4)
  A big kobold (D:9)
  A wyvern skeleton (D:7)
  A jelly (D:9)
  A crimson imp (D:9)
  A quasit (D:8)
  4 worker ants
  A hound zombie (D:6)
  4 adders
  4 gnolls (D:4)
  An adder zombie (D:7)
  5 orcs
  A ball python (D:3)
  4 goblins
  4 jackals (D:5)
  3 kobolds
  A quokka (D:7)
  2 bats (D:2)
  2 giant cockroaches (D:1)
  A giant cockroach zombie (D:5)
  3 giant geckos
  A giant newt (D:7)
  2 rats (D:3)
51 creatures vanquished.

Vanquished Creatures (collateral kills)
  A hobgoblin (D:3)
1 creature vanquished.

Grand Total: 52 creatures vanquished

Notes
Turn   | Place    | Note
--------------------------------------------------------------
     0 | D:1      | Charly the Vine Stalker Transmuter began the quest for the Orb.
     0 | D:1      | Reached XP level 1. HP: 9/9 MP: 4/4
    86 | D:2      | Reached XP level 2. HP: 6/14 MP: 1/6
    94 | D:2      | Learned a level 2 spell: Sticks to Snakes
   135 | D:3      | +1glo
   141 | D:3      | rp
   218 | D:4      | Reached skill level 4 in Unarmed Combat
   218 | D:4      | Reached XP level 3. HP: 17/17 MP: 4/7
   223 | D:4      | Learned a level 3 spell: Spider Form
   230 | D:4      | Noticed an ogre
   234 | D:4      | Reached skill level 1 in Poison Magic
   271 | D:4      | Killed an ogre
   271 | D:4      | Reached XP level 4. HP: 3/21 MP: 0/8
   271 | D:4      | Reached XP level 5. HP: 3/25 MP: 0/9
   299 | D:4      | Reached skill level 1 in Fighting
   336 | D:4      | Found a staircase to the Ecumenical Temple.
   345 | Temple   | Entered the Ecumenical Temple
   562 | D:5      | Entered Level 5 of the Dungeon
   596 | D:5      | Found a basalt altar of Yredelemnul.
   725 | D:5      | Found a white marble altar of Elyvilon.
   733 | D:5      | Gained mutation: You heal very quickly. [Vine Stalker growth]
   733 | D:5      | Reached XP level 6. HP: 30/30 MP: 6/10
   847 | D:6      | wiz
   851 | D:7      | Found Byophico's Jewellery Shoppe.
   884 | D:8      | Reached skill level 5 in Unarmed Combat
   893 | D:8      | Noticed Prince Ribbit
  1127 | D:9      | Reached skill level 6 in Unarmed Combat
  1132 | D:9      | Reached XP level 7. HP: 23/35 MP: 6/11
  1155 | D:10     | Entered Level 10 of the Dungeon
  1161 | D:9      | Noticed a hippogriff
  1193 | D:9      | Killed a hippogriff
  1193 | D:9      | Reached skill level 7 in Unarmed Combat
  1252 | D:9      | Noticed a deep elf mage
  1252 | D:9      | Noticed a two-headed ogre
  1259 | D:8      | Killed from afar by a deep elf mage

Action                   |  1- 3 |  4- 6 |  7- 9 || total
-------------------------+-------+-------+-------++-------
Melee: Unarmed           |    47 |    81 |    24 ||   152
 Cast: Beastly Appendage |     1 |       |       ||     1
       Sticks to Snakes  |     2 |     1 |       ||     3
       Spider Form       |     2 |    10 |     3 ||    15
  Use: Scroll            |       |     4 |     2 ||     6
 Stab: Sleeping          |     3 |     1 |       ||     4
       Distracted        |       |     1 |       ||     1
  Eat: Fruit             |       |     3 |       ||     3
       Chunk             |       |     1 |       ||     1
